Wolfpack vs Griffins

Created - November 10, 2025 at 19:28

Goals
1 2 3 T
Wolfpack 0 0 1 1
Griffins 0 6 0 6
Shots
1 2 3 T
Wolfpack 9 4 11 24
Griffins 8 24 7 39

1st period

No Goal

Penalties :
Andrew Peeke (Har) for Holding (Minor) at 8:07, Nolan Patrick (Har) for Tripping (Minor) at 14:16

2nd period

1. Griffins , Anton Blidh 1 (Morgan Frost 1) at 1:00
2. Griffins , Anton Blidh 2 (Jack Studnicka 2) at 9:23
3. Griffins , Grigori Denisenko 1 (Joonas Lyytinen 2) at 12:35
4. Griffins , Pavel Kraskovsky 2 (Ian McCoshen 2) at 12:43 (SH)
5. Griffins , Pavel Kraskovsky 3 (Alex Laferriere 2) at 14:17 (PP)
6. Griffins , Grigori Denisenko 2 (Pavel Kraskovsky 1, Yegor Sharangovich 1) at 15:13

Penalties :
Linus Sandin (Har) for Hooking (Minor) at 1:42, Jake Marchment (Har) for Interference (Minor) at 10:39, Alex Laferriere (Gra) for Tripping (Minor) at 11:44, Andrei Altybarmakyan (Har) for Tripping (Minor) at 14:08, Joshua Jacobs (Har) for Tripping (Minor) at 17:48

3rd period

7. Wolfpack , Nolan Patrick 5 (Dryden Hunt 3, Andrei Altybarmakyan 2) at 3:13

Penalties :
Tim Stutzle (Har) for Slashing (Minor) at 13:29, Alex Laferriere (Gra) for Holding (Minor) at 13:45, Pavel Kraskovsky (Gra) for Interference (Minor) at 17:06

Goalie Stats

Samuel Ersson (Har), 18 saves from 20 shots - (0.900), 27:17 minutes
Dustin Wolf (Har), 15 saves from 19 shots - (0.789), L, 0-1-0, 32:43 minutes
Adam Werner (Gra), 23 saves from 24 shots - (0.958), W, 2-0-0, 60:00 minutes

Players Stats for Wolfpack

Player Name              G  A  P  +/- PIM S  H  SB GA TA FO     MP     PP MP  PK MP  
------------------------------------------------------------------------------------
                         0  0  0   0  0   0  0  0  0  0  0/0     0:00   0:00   0:00 
                         0  0  0   0  0   0  0  0  0  0  0/0     0:00   0:00   0:00 
                         0  0  0   0  0   0  0  0  0  0  0/0     0:00   0:00   0:00 
                         0  0  0   0  0   0  0  0  0  0  0/0     0:00   0:00   0:00 
                         0  0  0   0  0   0  0  0  0  0  0/0     0:00   0:00   0:00 
                         0  0  0   0  0   0  0  0  0  0  0/0     0:00   0:00   0:00 
                         0  0  0   0  0   0  0  0  0  0  0/0     0:00   0:00   0:00 
Alex Barre-Boulet        0  0  0  -1  0   3  0  0  0  0  2/4    14:06   1:22   0:00 
Alexander Barabanov      0  0  0  -1  0   0  1  0  1  0  0/0    17:16   1:22   4:11 
Alexander Volkov         0  0  0   0  0   2  0  1  0  0  0/0    12:00   0:00   0:00 
Andrei Altybarmakyan     0  1  1   0  2   1  0  0  0  0  0/0     7:51   0:00   0:00 
Andrew Peeke             0  0  0  -1  2   1  1  2  0  1  0/0    18:53   0:16   2:16 
Cale Fleury              0  0  0  -2  0   0  3  1  0  3  0/0    27:20   2:08   5:26 
Dante Fabbro             0  0  0  -1  0   2  1  0  0  0  0/0    11:48   0:00   1:26 
Dryden Hunt              0  1  1  -3  0   2  3  0  0  1  1/2    21:47   1:17   4:41 
Dylan Samberg            0  0  0  -1  0   0  0  2  0  0  0/0    11:23   0:00   0:51 
Jake Marchment           0  0  0  -1  2   1  1  0  0  0  5/5    11:42   0:06   3:09 
Joshua Jacobs            0  0  0  -1  2   0  0  3  1  0  0/0    21:35   1:12   3:17 
K'Andre Miller           0  0  0  -2  0   1  3  0  1  1  0/0    27:20   2:08   5:36 
Linus Sandin             0  0  0   0  2   2  2  0  0  1  0/1    11:21   0:00   0:00 
Nolan Patrick            1  0  1  -3  2   4  1  1  1  0  13/33  21:05   1:58   3:52 
Owen Tippet              0  0  0  -2  0   1  1  0  0  0  1/2    14:58   1:37   0:00 
Shane Pinto              0  0  0   0  0   1  2  0  0  0  0/1    13:28   1:21   0:01 
Tim Stutzle              0  0  0   0  2   3  2  0  0  0  0/5    15:27   1:53   2:24 
Yegor Korshkov           0  0  0   0  0   0  0  0  0  0  0/0     8:30   0:00   0:34 

Players Stats for Griffins

Player Name              G  A  P  +/- PIM S  H  SB GA TA FO     MP     PP MP  PK MP  
------------------------------------------------------------------------------------
                         0  0  0   0  0   0  0  0  0  0  0/0     0:00   0:00   0:00 
                         0  0  0   0  0   0  0  0  0  0  0/0     0:00   0:00   0:00 
                         0  0  0   0  0   0  0  0  0  0  0/0     0:00   0:00   0:00 
                         0  0  0   0  0   0  0  0  0  0  0/0     0:00   0:00   0:00 
                         0  0  0   0  0   0  0  0  0  0  0/0     0:00   0:00   0:00 
                         0  0  0   0  0   0  0  0  0  0  0/0     0:00   0:00   0:00 
Alex Laferriere          0  1  1   0  4   3  1  0  0  0  0/0    15:39   5:23   0:00 
Anton Blidh              2  0  2   1  0   4  1  2  1  1  1/2    18:03   5:03   1:51 
Anton Lundell            0  0  0   0  0   1  0  0  0  0  5/6    12:30   0:47   1:58 
Braden Schneider         0  0  0   0  0   1  0  0  0  0  0/0     5:23   1:02   0:00 
Brycen Martin            0  0  0   0  0   0  1  1  0  0  0/0    13:18   0:09   1:01 
Grigori Denisenko        2  0  2   2  0   5  3  0  0  0  0/0    19:41   3:00   0:00 
Ian McCoshen             0  1  1   0  0   3  1  2  0  1  0/0    24:41   3:13   1:22 
Jack Studnicka           0  1  1   1  0   0  2  1  1  0  0/0    15:02   4:15   0:00 
Joonas Lyytinen          0  1  1   4  0   0  0  0  0  1  0/0    16:53   0:57   1:58 
Michael Bunting          0  0  0   0  0   2  0  0  0  0  0/0     8:12   0:08   0:00 
Morgan Frost             0  1  1   1  0   1  1  0  3  0  9/13   16:12   4:13   0:56 
Pavel Kraskovsky         2  1  3   2  2   9  1  1  1  0  14/27  22:08   4:00   0:14 
Philip Broberg           0  0  0   0  0   0  0  1  0  0  0/0    11:21   0:00   1:58 
Samuel Poulin            0  0  0   0  0   1  0  0  0  0  0/0     8:53   0:54   0:00 
Sebastian Ahaut          0  0  0   0  0   1  0  3  0  1  0/0    23:10   4:14   0:00 
Simon Benoit             0  0  0   4  0   1  0  3  0  0  0/0    19:10   4:09   0:21 
Viktor Lodin             0  0  0   1  0   1  1  0  0  0  2/5     9:12   0:11   0:12 
Will Cuylle              0  0  0   0  0   0  1  0  1  0  0/0    11:49   1:30   0:45 
Yegor Sharangovich       0  1  1   2  0   6  2  2  0  0  0/0    22:43   4:00   0:44 

3 Stars

1 - Grigori Denisenko (Gra)
2 - Pavel Kraskovsky (Gra)
3 - Anton Blidh (Gra)

Power Play

Wolfpack - 0 on 3 Attempt(s) - 0.00%
Griffins - 1 on 7 Attempt(s) - 14.29%

Penalty Kill

Wolfpack - 6 on 7 Attempt(s) - 85.71% - Score 0 goal in Penalty Kill
Griffins - 3 on 3 Attempt(s) - 100.00% - Score 1 goal in Penalty Kill

Team Stat

Wolfpack - Hits : 21 - Faceoff Wins : 22 - Blocked Shots : 10 - Penalty Minutes : 14
Griffins - Hits : 15 - Faceoff Wins : 31 - Blocked Shots : 16 - Penalty Minutes : 6

Official

Referees : Reid Anderson and Francis Charron
Linesman : Ryan Gibbons and Shandor Alphonso

Game Notes

Samuel Ersson enters game at 12:43 of 2nd period

Finance

Level 1 -- Attendance: 2000 (100.00%) -- Ticket Income $140,000
Level 2 -- Attendance: 980 (98.00%) -- Ticket Income $39,200
Total Attendance: 2980 (99.33%)
Total Ticket Income: $179,200
Other Income: $8,960
Total Income: $188,160

Wolfpack

5 vs 5 Forward 
   Center                   Left Wing                Right Wing               Time % Phy DF OF 
 1 Nolan Patrick            Dryden Hunt              Owen Tippet              40     1   2  2  
 2 Tim Stutzle              Alexander Barabanov      Linus Sandin             30     1   2  2  
 3 Alex Barre-Boulet        Shane Pinto              Alexander Volkov         20     1   2  2  
 4 Jake Marchment           Yegor Korshkov           Andrei Altybarmakyan     10     1   2  2  

5 vs 5 Defense 
   Defense                  Defense                                           Time % Phy DF OF 
 1 K'Andre Miller           Cale Fleury                                       40     1   2  2  
 2 Joshua Jacobs            Andrew Peeke                                      30     1   2  2  
 3 Dante Fabbro             Dylan Samberg                                     20     1   2  2  
 4 K'Andre Miller           Cale Fleury                                       10     1   2  2  

PowerPlay Forward 
   Center                   Left Wing                Right Wing               Time % Phy DF OF 
 1 Nolan Patrick            Tim Stutzle              Owen Tippet              60     1   2  2  
 2 Alex Barre-Boulet        Alexander Barabanov      Shane Pinto              40     1   2  2  

PowerPlay Defense
   Defense                  Defense                                           Time % Phy DF OF 
 1 K'Andre Miller           Cale Fleury                                       60     1   2  2  
 2 Joshua Jacobs            Dryden Hunt                                       40     1   2  2  

Penalty Kill 4 Players Forward 
   Center                   Wing                     Time % Phy DF OF 
 1 Nolan Patrick            Dryden Hunt              60     1   2  2  
 2 Jake Marchment           Alexander Barabanov      40     1   2  2  

Penalty Kill 4 Players Defense
   Defense                  Defense                  Time % Phy DF OF 
 1 K'Andre Miller           Cale Fleury              60     1   2  2  
 2 Joshua Jacobs            Andrew Peeke             40     1   2  2  

Penalty Kill - 3 Players Forward 
   Forward                                           Time % Phy DF OF 
 1 Nolan Patrick                                     60     1   2  2  
 2 Jake Marchment                                    40     1   2  2  

Penalty Kill - 3 Players Defense
   Defense                  Defense                  Time % Phy DF OF 
 1 K'Andre Miller           Cale Fleury              60     1   2  2  
 2 Joshua Jacobs            Andrew Peeke             40     1   2  2  

4 vs 4 Forward 
   Center                   Wing                     Time % Phy DF OF 
 1 Nolan Patrick            Dryden Hunt              60     1   2  2  
 2 Jake Marchment           Alexander Barabanov      40     1   2  2  

4 vs 4 Defense
   Defense                  Defense                  Time % Phy DF OF 
 1 K'Andre Miller           Cale Fleury              60     1   2  2  
 2 Joshua Jacobs            Andrew Peeke             40     1   2  2  

Last Minutes Offensive
   Center                   Left Wing                Right Wing               Defense                  Defense                  
   Nolan Patrick            Dryden Hunt              Owen Tippet              K'Andre Miller           Cale Fleury              

Last Minutes Defensive
   Center                   Left Wing                Right Wing               Defense                  Defense                  
   Nolan Patrick            Dryden Hunt              Owen Tippet              K'Andre Miller           Cale Fleury              

Goaltenders
Starting : Dustin Wolf              
Backup : Samuel Ersson            

Extra Forwards
Normal : Jake Marchment, Alex Barre-Boulet, Linus Sandin - PP : Jake Marchment, Alex Barre-Boulet - PK : Jake Marchment
Extra Defensemen
Normal : Andrew Peeke, Dante Fabbro, Dylan Samberg - PP : Andrew Peeke - PK : Andrew Peeke, Dante Fabbro
Penalty Shots
Nolan Patrick, Owen Tippet, Dryden Hunt, Alexander Barabanov, Jake Marchment
Custom OT Lines Forwards
Nolan Patrick, Owen Tippet, Dryden Hunt, Alexander Barabanov, Jake Marchment, Alex Barre-Boulet, Linus Sandin, Alexander Volkov, Andrei Altybarmakyan, Yegor Korshkov
Custom OT Lines Defensemen
K'Andre Miller, Cale Fleury, Joshua Jacobs, Andrew Peeke, Dante Fabbro

Scratches
Ridly Greig (Healthy), Ryan Poehling (Healthy), Mason Shaw (Healthy), Ben Jones (Healthy), Samuel Houde (Healthy)
Carter Savoie (Healthy), Mikhail Vorobyev (Healthy), Jeffrey Viel (Healthy), Jack Drury (Healthy), Jakub Lauko (Healthy)
Martin Kaut (Healthy), Mathias Laferriere (Healthy), Maxwell Crozier (Healthy), Will Francis (Healthy), Hugo Ollas (Healthy)

Griffins

5 vs 5 Forward 
   Center                   Left Wing                Right Wing               Time % Phy DF OF 
 1 Pavel Kraskovsky         Grigori Denisenko        Yegor Sharangovich       40     1   2  2  
 2 Morgan Frost             Anton Blidh              Jack Studnicka           30     1   2  2  
 3 Anton Lundell            Will Cuylle              Alex Laferriere          20     1   2  2  
 4 Viktor Lodin             Michael Bunting          Samuel Poulin            10     1   2  2  

5 vs 5 Defense 
   Defense                  Defense                                           Time % Phy DF OF 
 1 Ian McCoshen             Sebastian Ahaut                                   40     1   2  2  
 2 Joonas Lyytinen          Simon Benoit                                      30     1   2  2  
 3 Philip Broberg           Brycen Martin                                     20     1   2  2  
 4 Braden Schneider         Brycen Martin                                     10     1   2  2  

PowerPlay Forward 
   Center                   Left Wing                Right Wing               Time % Phy DF OF 
 1 Pavel Kraskovsky         Anton Blidh              Yegor Sharangovich       60     1   2  2  
 2 Morgan Frost             Grigori Denisenko        Jack Studnicka           40     1   2  2  

PowerPlay Defense
   Defense                  Defense                                           Time % Phy DF OF 
 1 Sebastian Ahaut          Alex Laferriere                                   60     1   2  2  
 2 Simon Benoit             Ian McCoshen                                      40     1   2  2  

Penalty Kill 4 Players Forward 
   Center                   Wing                     Time % Phy DF OF 
 1 Anton Lundell            Anton Blidh              60     1   2  2  
 2 Pavel Kraskovsky         Yegor Sharangovich       40     1   2  2  

Penalty Kill 4 Players Defense
   Defense                  Defense                  Time % Phy DF OF 
 1 Joonas Lyytinen          Philip Broberg           60     1   2  2  
 2 Ian McCoshen             Brycen Martin            40     1   2  2  

Penalty Kill - 3 Players Forward 
   Forward                                           Time % Phy DF OF 
 1 Anton Lundell                                     60     1   2  2  
 2 Yegor Sharangovich                                40     1   2  2  

Penalty Kill - 3 Players Defense
   Defense                  Defense                  Time % Phy DF OF 
 1 Joonas Lyytinen          Philip Broberg           60     1   2  2  
 2 Ian McCoshen             Brycen Martin            40     1   2  2  

4 vs 4 Forward 
   Center                   Wing                     Time % Phy DF OF 
 1 Pavel Kraskovsky         Yegor Sharangovich       60     1   2  2  
 2 Morgan Frost             Anton Blidh              40     1   2  2  

4 vs 4 Defense
   Defense                  Defense                  Time % Phy DF OF 
 1 Ian McCoshen             Simon Benoit             60     1   2  2  
 2 Sebastian Ahaut          Joonas Lyytinen          40     1   2  2  

Last Minutes Offensive
   Center                   Left Wing                Right Wing               Defense                  Defense                  
   Pavel Kraskovsky         Anton Blidh              Yegor Sharangovich       Ian McCoshen             Joonas Lyytinen          

Last Minutes Defensive
   Center                   Left Wing                Right Wing               Defense                  Defense                  
   Anton Lundell            Michael Bunting          Jack Studnicka           Ian McCoshen             Joonas Lyytinen          

Goaltenders
Starting : Adam Werner              
Backup : Ivan Prosvetov           

Extra Forwards
Normal : Alex Laferriere, Viktor Lodin, Grigori Denisenko - PP : Alex Laferriere, Will Cuylle - PK : Morgan Frost
Extra Defensemen
Normal : Braden Schneider, Simon Benoit, Philip Broberg - PP : Joonas Lyytinen - PK : Braden Schneider, Brycen Martin
Penalty Shots
Yegor Sharangovich, Alex Laferriere, Jack Studnicka, Viktor Lodin, Pavel Kraskovsky
Custom OT Lines Forwards
Yegor Sharangovich, Pavel Kraskovsky, Anton Blidh, Morgan Frost, Grigori Denisenko, Alex Laferriere, Jack Studnicka, Will Cuylle, Anton Lundell, Viktor Lodin
Custom OT Lines Defensemen
Joonas Lyytinen, Ian McCoshen, Simon Benoit, Sebastian Ahaut, Brycen Martin

Scratches
Riley Duran (Healthy), Scott Reedy (Healthy), Jack Ramsey (Healthy), Maxim Mamin (Healthy), Conor Timmins (Healthy)
Oskar Steen (Healthy), Nick Swaney (Healthy), Dominik Bokk (Healthy), Vladislav Kolyachonok (Healthy), Philippe Desrosiers (Healthy)

% Time on Ice - Wolfpack

Lines # - Real PCT - Wanted PCT - Time Play
Normal Forward
1 - 31% - 40% - 13:40
2 - 25% - 30% - 11:05
3 - 27% - 20% - 12:00
4 - 18% - 10% - 7:52
Normal Defense
1 - 38% - 40% - 17:04
2 - 35% - 30% - 15:49
3 - 23% - 20% - 10:21
4 - 3% - 10% - 1:23
PP Forward
1 - 59% - 60% - 1:58
2 - 41% - 40% - 1:22
PP Defense
1 - 64% - 60% - 2:08
2 - 36% - 40% - 1:12
PK Forward
1 - 76% - 60% - 7:12
2 - 24% - 40% - 2:14
PK Defense
1 - 61% - 60% - 5:46
2 - 39% - 40% - 3:40
PK3 Forward
1 - 0% - 60%
2 - 0% - 40%
PK3 Defense
1 - 0% - 60%
2 - 0% - 40%
44 Forward
1 - 91% - 60% - 2:23
2 - 9% - 40% - 0:14
44 Defense
1 - 50% - 60% - 1:19
2 - 50% - 40% - 1:18
Last Minute Offensive  - 0:00
Last Minute Defensive  - 0:00
Total
Forward - 60:00
Defense - 60:00

% Time on Ice - Griffins

Lines # - Real PCT - Wanted PCT - Time Play
Normal Forward
1 - 37% - 40% - 16:18
2 - 24% - 30% - 10:45
3 - 21% - 20% - 9:30
4 - 18% - 10% - 8:04
Normal Defense
1 - 42% - 40% - 18:55
2 - 29% - 30% - 13:02
3 - 20% - 20% - 9:06
4 - 8% - 10% - 3:34
PP Forward
1 - 45% - 60% - 4:15
2 - 55% - 40% - 5:11
PP Defense
1 - 56% - 60% - 5:17
2 - 44% - 40% - 4:09
PK Forward
1 - 82% - 60% - 2:43
2 - 19% - 40% - 0:37
PK Defense
1 - 70% - 60% - 2:19
2 - 31% - 40% - 1:01
PK3 Forward
1 - 0% - 60%
2 - 0% - 40%
PK3 Defense
1 - 0% - 60%
2 - 0% - 40%
44 Forward
1 - 80% - 60% - 2:05
2 - 20% - 40% - 0:32
44 Defense
1 - 61% - 60% - 1:35
2 - 39% - 40% - 1:02
Last Minute Offensive  - 0:00
Last Minute Defensive  - 0:00
Total
Forward - 60:00
Defense - 60:00

Play-by-Play

1st period


0:01 of 1st period - Pavel Kraskovsky wins face-off versus Nolan Patrick in neutral zone.
0:26 of 1st period - Linus Sandin is hit by Jack Studnicka and loses puck.
0:58 of 1st period - Simon Benoit is hit by Shane Pinto and loses puck.
1:11 of 1st period - Snap shot by Viktor Lodin.
1:11 of 1st period - Stopped by Dustin Wolf with a rebound.
1:13 of 1st period - Snap shot by Brycen Martin.
1:13 of 1st period - Shot Misses the Net.
1:33 of 1st period - Snap shot by Owen Tippet.
1:33 of 1st period - Shot Misses the Net.
2:54 of 1st period - Joshua Jacobs is hit by Yegor Sharangovich and loses puck.
3:04 of 1st period - Pavel Kraskovsky is hit by Linus Sandin and loses puck.
3:17 of 1st period - Wrist shot by Alex Barre-Boulet.
3:17 of 1st period - Shot Misses the Net.
3:55 of 1st period - Wrist shot by Anton Blidh.
3:55 of 1st period - Stopped by Dustin Wolf with a rebound.
3:57 of 1st period - Snap shot by Braden Schneider.
3:57 of 1st period - Stopped by Dustin Wolf with a rebound.
4:03 of 1st period - Snap shot by Alex Laferriere.
4:03 of 1st period - Shot Misses the Net.
4:05 of 1st period - Wrist shot by Anton Lundell.
4:05 of 1st period - Shot Misses the Net.
4:23 of 1st period - Slapshot by Ian McCoshen.
4:23 of 1st period - Stopped by Dustin Wolf without a rebound.
4:24 of 1st period - Viktor Lodin wins face-off versus Tim Stutzle in Wolfpack zone.
4:25 of 1st period - Snap shot by Michael Bunting.
4:25 of 1st period - Stopped by Dustin Wolf with a rebound.
4:54 of 1st period - Backhand shot by Owen Tippet.
4:54 of 1st period - Shot Blocked by Brycen Martin.
5:00 of 1st period - Cale Fleury is hit by Brycen Martin.
5:18 of 1st period - Ian McCoshen is hit by Cale Fleury and loses puck.
5:23 of 1st period - Snap shot by Alex Barre-Boulet.
5:23 of 1st period - Shot Blocked by Ian McCoshen.
5:37 of 1st period - Snap shot by Yegor Korshkov.
5:37 of 1st period - Shot Misses the Net.
5:39 of 1st period - Snap shot by Joshua Jacobs.
5:39 of 1st period - Deflect By Andrei Altybarmakyan.
5:39 of 1st period - Shot Blocked by Sebastian Ahaut.
5:39 of 1st period - Puck is out of play.
5:40 of 1st period - Pavel Kraskovsky wins face-off versus Nolan Patrick in Griffins zone.
6:20 of 1st period - Andrew Peeke is hit by Jack Studnicka and loses puck.
6:31 of 1st period - Slapshot by Alexander Barabanov.
6:31 of 1st period - Shot Blocked by Jack Studnicka.
6:33 of 1st period - Slapshot by Andrew Peeke.
6:33 of 1st period - Stopped by Adam Werner without a rebound.
6:34 of 1st period - Nolan Patrick wins face-off versus Pavel Kraskovsky in Griffins zone.
6:39 of 1st period - Snap shot by Owen Tippet.
6:39 of 1st period - Shot Blocked by Ian McCoshen.
6:41 of 1st period - Slapshot by K'Andre Miller.
6:41 of 1st period - Deflect By Sebastian Ahaut.
6:41 of 1st period - Stopped by Adam Werner without a rebound.
6:42 of 1st period - Nolan Patrick wins face-off versus Pavel Kraskovsky in Griffins zone.
6:45 of 1st period - Snap shot by Dryden Hunt.
6:45 of 1st period - Shot Blocked by Pavel Kraskovsky.
6:47 of 1st period - Snap shot by Dryden Hunt.
6:47 of 1st period - Stopped by Adam Werner without a rebound.
6:48 of 1st period - Nolan Patrick wins face-off versus Pavel Kraskovsky in Griffins zone.
6:49 of 1st period - Snap shot by Dryden Hunt.
6:49 of 1st period - Deflect By Owen Tippet.
6:49 of 1st period - Shot Misses the Net.
6:49 of 1st period - Puck is out of play.
6:50 of 1st period - Pavel Kraskovsky wins face-off versus Nolan Patrick in Griffins zone.
7:17 of 1st period - Alexander Barabanov is hit by Ian McCoshen and loses puck.
7:45 of 1st period - Snap shot by Jake Marchment.
7:45 of 1st period - Stopped by Adam Werner without a rebound.
7:46 of 1st period - Pavel Kraskovsky wins face-off versus Nolan Patrick in Griffins zone.
8:07 of 1st period - Minor Penalty to Andrew Peeke for Holding.
8:08 of 1st period - Nolan Patrick wins face-off versus Pavel Kraskovsky in Wolfpack zone.
10:07 of 1st period - Penalty to Andrew Peeke is over, Andrew Peeke is back on ice.
10:16 of 1st period - Snap shot by Alexander Volkov.
10:16 of 1st period - Stopped by Adam Werner without a rebound.
10:17 of 1st period - Alex Barre-Boulet wins face-off versus Viktor Lodin in Griffins zone.
10:30 of 1st period - Wrist shot by Alex Barre-Boulet.
10:30 of 1st period - Stopped by Adam Werner with a rebound.
10:32 of 1st period - Slapshot by Dante Fabbro.
10:32 of 1st period - Stopped by Adam Werner without a rebound.
10:33 of 1st period - Anton Lundell wins face-off versus Nolan Patrick in Griffins zone.
10:58 of 1st period - Ian McCoshen is hit by Alexander Barabanov and loses puck.
11:38 of 1st period - Icing by Sebastian Ahaut.
11:39 of 1st period - Morgan Frost wins face-off versus Nolan Patrick in Griffins zone.
11:57 of 1st period - Jack Studnicka is hit by Dryden Hunt and loses puck.
12:35 of 1st period - Snap shot by Alexander Volkov.
12:35 of 1st period - Stopped by Adam Werner with a rebound.
12:37 of 1st period - Snap shot by Alex Barre-Boulet.
12:37 of 1st period - Shot Blocked by Simon Benoit.
13:09 of 1st period - Joonas Lyytinen is hit by Dryden Hunt and loses puck.
13:33 of 1st period - Wrist shot by Linus Sandin.
13:33 of 1st period - Stopped by Adam Werner without a rebound.
13:34 of 1st period - Owen Tippet wins face-off versus Pavel Kraskovsky in Griffins zone.
14:16 of 1st period - Minor Penalty to Nolan Patrick for Tripping.
14:17 of 1st period - Jake Marchment wins face-off versus Morgan Frost in Wolfpack zone.
14:41 of 1st period - Slapshot by Alexander Barabanov.
14:41 of 1st period - Shot Blocked by Yegor Sharangovich.
16:16 of 1st period - Penalty to Nolan Patrick is over, Nolan Patrick is back on ice.
16:46 of 1st period - Sebastian Ahaut is hit by Dryden Hunt and loses puck.
17:53 of 1st period - Snap shot by Alexander Barabanov.
17:53 of 1st period - Shot Misses the Net.
18:09 of 1st period - Will Cuylle is hit by K'Andre Miller and loses puck.
18:49 of 1st period - Icing by Nolan Patrick.
18:50 of 1st period - Morgan Frost wins face-off versus Nolan Patrick in Wolfpack zone.
18:51 of 1st period - Snap shot by Anton Blidh.
18:51 of 1st period - Shot Misses the Net.
18:53 of 1st period - Slapshot by Ian McCoshen.
18:53 of 1st period - Stopped by Dustin Wolf without a rebound.
18:54 of 1st period - Morgan Frost wins face-off versus Tim Stutzle in Wolfpack zone.
19:28 of 1st period - Wrist shot by Alex Laferriere.
19:28 of 1st period - Stopped by Dustin Wolf with a rebound.
19:46 of 1st period - Snap shot by Yegor Sharangovich.
19:46 of 1st period - Stopped by Dustin Wolf without a rebound.
19:47 of 1st period - Morgan Frost wins face-off versus Nolan Patrick in Wolfpack zone.
Goals for this period are 0 for Wolfpack vs 0 for Griffins.
Shots for this period are 9 for Wolfpack vs 8 for Griffins.

2nd period


0:01 of 2nd period - Pavel Kraskovsky wins face-off versus Tim Stutzle in neutral zone.
0:46 of 2nd period - Snap shot by Grigori Denisenko.
0:46 of 2nd period - Shot Misses the Net.
0:50 of 2nd period - Wrist shot by Pavel Kraskovsky.
0:50 of 2nd period - Stopped by Dustin Wolf with a rebound.
0:52 of 2nd period - Wrist shot by Grigori Denisenko.
0:52 of 2nd period - Shot Misses the Net.
0:54 of 2nd period - Wrist shot by Yegor Sharangovich.
0:54 of 2nd period - Stopped by Dustin Wolf with a rebound.
0:56 of 2nd period - Slapshot by Pavel Kraskovsky.
0:56 of 2nd period - Shot Blocked by Alexander Volkov.
0:58 of 2nd period - Wrist shot by Yegor Sharangovich.
0:58 of 2nd period - Deflect By Joshua Jacobs.
0:58 of 2nd period - Shot Misses the Net.
0:58 of 2nd period - Puck is out of play.
0:59 of 2nd period - Morgan Frost wins face-off versus Nolan Patrick in Wolfpack zone.
1:00 of 2nd period - Snap shot by Anton Blidh.
1:00 of 2nd period - Goal by Anton Blidh - Wolfpack : 0 - Griffins : 1.
1:01 of 2nd period - Morgan Frost wins face-off versus Nolan Patrick in neutral zone.
1:36 of 2nd period - Snap shot by Alex Laferriere.
1:36 of 2nd period - Stopped by Dustin Wolf with a rebound.
1:42 of 2nd period - Minor Penalty to Linus Sandin for Hooking.
1:43 of 2nd period - Nolan Patrick wins face-off versus Pavel Kraskovsky in Wolfpack zone.
3:23 of 2nd period - Tim Stutzle is hit by Grigori Denisenko and loses puck.
3:42 of 2nd period - Penalty to Linus Sandin is over, Linus Sandin is back on ice.
4:37 of 2nd period - Brycen Martin is hit by Owen Tippet and loses puck.
6:01 of 2nd period - Icing by Andrew Peeke.
6:02 of 2nd period - Anton Lundell wins face-off versus Shane Pinto in Wolfpack zone.
6:11 of 2nd period - Slapshot by Cale Fleury.
6:11 of 2nd period - Shot Blocked by Sebastian Ahaut.
6:13 of 2nd period - Snap shot by Alex Barre-Boulet.
6:13 of 2nd period - Deflect By Shane Pinto.
6:13 of 2nd period - Stopped by Adam Werner with a rebound.
6:15 of 2nd period - Snap shot by Alex Barre-Boulet.
6:15 of 2nd period - Shot Misses the Net.
7:18 of 2nd period - Wrist shot by Linus Sandin.
7:18 of 2nd period - Shot Misses the Net.
8:30 of 2nd period - Slapshot by Tim Stutzle.
8:30 of 2nd period - Stopped by Adam Werner without a rebound.
8:31 of 2nd period - Viktor Lodin wins face-off versus Nolan Patrick in Griffins zone.
8:36 of 2nd period - Wrist shot by Michael Bunting.
8:36 of 2nd period - Deflect By Nolan Patrick.
8:36 of 2nd period - Shot Blocked by Nolan Patrick.
8:36 of 2nd period - Puck is out of play.
8:37 of 2nd period - Nolan Patrick wins face-off versus Viktor Lodin in Wolfpack zone.
8:52 of 2nd period - Wrist shot by Michael Bunting.
8:52 of 2nd period - Stopped by Dustin Wolf without a rebound.
8:53 of 2nd period - Pavel Kraskovsky wins face-off versus Linus Sandin in Wolfpack zone.
8:54 of 2nd period - Snap shot by Grigori Denisenko.
8:54 of 2nd period - Deflect By Yegor Sharangovich.
8:54 of 2nd period - Stopped by Dustin Wolf with a rebound.
9:23 of 2nd period - Slapshot by Anton Blidh.
9:23 of 2nd period - Goal by Anton Blidh - Wolfpack : 0 - Griffins : 2.
9:24 of 2nd period - Pavel Kraskovsky wins face-off versus Nolan Patrick in neutral zone.
9:51 of 2nd period - Morgan Frost is hit by Cale Fleury.
10:15 of 2nd period - Andrew Peeke is hit by Will Cuylle and loses puck.
10:39 of 2nd period - Minor Penalty to Jake Marchment for Interference.
10:40 of 2nd period - Nolan Patrick wins face-off versus Pavel Kraskovsky in Wolfpack zone.
10:54 of 2nd period - K'Andre Miller is hit by Alex Laferriere.
11:44 of 2nd period - Minor Penalty to Alex Laferriere for Tripping.
11:45 of 2nd period - Pavel Kraskovsky wins face-off versus Nolan Patrick in Griffins zone.
11:58 of 2nd period - Wrist shot by Pavel Kraskovsky.
11:58 of 2nd period - Stopped by Dustin Wolf with a rebound.
12:30 of 2nd period - Alex Barre-Boulet is hit by Grigori Denisenko and loses puck.
12:35 of 2nd period - Backhand shot by Grigori Denisenko.
12:35 of 2nd period - Goal by Grigori Denisenko - Wolfpack : 0 - Griffins : 3.
12:36 of 2nd period - Pavel Kraskovsky wins face-off versus Nolan Patrick in neutral zone.
12:39 of 2nd period - Penalty to Jake Marchment is over, Jake Marchment is back on ice.
12:41 of 2nd period - Snap shot by Pavel Kraskovsky.
12:41 of 2nd period - Stopped by Dustin Wolf with a rebound.
12:43 of 2nd period - Snap shot by Pavel Kraskovsky.
12:43 of 2nd period - Goal by Pavel Kraskovsky - Wolfpack : 0 - Griffins : 4.
12:43 of 2nd period - Samuel Ersson enters game.
12:44 of 2nd period - Anton Blidh wins face-off versus Owen Tippet in neutral zone.
13:44 of 2nd period - Penalty to Alex Laferriere is over, Alex Laferriere is back on ice.
13:57 of 2nd period - Wrist shot by Jake Marchment.
13:57 of 2nd period - Deflect By Andrei Altybarmakyan.
13:57 of 2nd period - Stopped by Adam Werner without a rebound.
13:58 of 2nd period - Jake Marchment wins face-off versus Pavel Kraskovsky in Griffins zone.
14:05 of 2nd period - Slapshot by Ian McCoshen.
14:05 of 2nd period - Deflect By Pavel Kraskovsky.
14:05 of 2nd period - Stopped by Samuel Ersson without a rebound.
14:06 of 2nd period - Jake Marchment wins face-off versus Pavel Kraskovsky in Wolfpack zone.
14:08 of 2nd period - Minor Penalty to Andrei Altybarmakyan for Tripping.
14:09 of 2nd period - Nolan Patrick wins face-off versus Pavel Kraskovsky in Wolfpack zone.
14:17 of 2nd period - Slapshot by Pavel Kraskovsky.
14:17 of 2nd period - Goal by Pavel Kraskovsky - Wolfpack : 0 - Griffins : 5.
14:18 of 2nd period - Pavel Kraskovsky wins face-off versus Nolan Patrick in neutral zone.
14:20 of 2nd period - Off-side.
14:21 of 2nd period - Nolan Patrick wins face-off versus Pavel Kraskovsky in neutral zone.
14:24 of 2nd period - Ian McCoshen is hit by K'Andre Miller and loses puck.
14:55 of 2nd period - Slapshot by Morgan Frost.
14:55 of 2nd period - Stopped by Samuel Ersson with a rebound.
14:57 of 2nd period - Snap shot by Morgan Frost.
14:57 of 2nd period - Deflect By Jack Studnicka.
14:57 of 2nd period - Shot Blocked by Cale Fleury.
14:57 of 2nd period - Puck is out of play.
14:58 of 2nd period - Pavel Kraskovsky wins face-off versus Nolan Patrick in Wolfpack zone.
15:03 of 2nd period - Snap shot by Grigori Denisenko.
15:03 of 2nd period - Shot Blocked by Dylan Samberg.
15:05 of 2nd period - Slapshot by Simon Benoit.
15:05 of 2nd period - Stopped by Samuel Ersson with a rebound.
15:07 of 2nd period - Snap shot by Yegor Sharangovich.
15:07 of 2nd period - Shot Misses the Net.
15:11 of 2nd period - Snap shot by Pavel Kraskovsky.
15:11 of 2nd period - Stopped by Samuel Ersson with a rebound.
15:13 of 2nd period - Wrist shot by Grigori Denisenko.
15:13 of 2nd period - Goal by Grigori Denisenko - Wolfpack : 0 - Griffins : 6.
15:14 of 2nd period - Dryden Hunt wins face-off versus Pavel Kraskovsky in neutral zone.
15:23 of 2nd period - Wrist shot by Nolan Patrick.
15:23 of 2nd period - Stopped by Adam Werner with a rebound.
15:45 of 2nd period - Wrist shot by Alex Barre-Boulet.
15:45 of 2nd period - Shot Blocked by Yegor Sharangovich.
15:57 of 2nd period - Slapshot by Yegor Sharangovich.
15:57 of 2nd period - Shot Misses the Net.
15:59 of 2nd period - Slapshot by Sebastian Ahaut.
15:59 of 2nd period - Deflect By Alexander Volkov.
15:59 of 2nd period - Stopped by Samuel Ersson with a rebound.
16:01 of 2nd period - Snap shot by Grigori Denisenko.
16:01 of 2nd period - Stopped by Samuel Ersson with a rebound.
16:27 of 2nd period - Snap shot by Alex Barre-Boulet.
16:27 of 2nd period - Shot Misses the Net.
16:45 of 2nd period - Wrist shot by Yegor Sharangovich.
16:45 of 2nd period - Stopped by Samuel Ersson with a rebound.
16:47 of 2nd period - Snap shot by Pavel Kraskovsky.
16:47 of 2nd period - Shot Misses the Net.
16:49 of 2nd period - Slapshot by Sebastian Ahaut.
16:49 of 2nd period - Deflect By Grigori Denisenko.
16:49 of 2nd period - Stopped by Samuel Ersson with a rebound.
16:51 of 2nd period - Slapshot by Sebastian Ahaut.
16:51 of 2nd period - Shot Blocked by Joshua Jacobs.
17:01 of 2nd period - Slapshot by Yegor Sharangovich.
17:01 of 2nd period - Shot Blocked by Andrew Peeke.
17:03 of 2nd period - Wrist shot by Yegor Sharangovich.
17:03 of 2nd period - Stopped by Samuel Ersson with a rebound.
17:05 of 2nd period - Wrist shot by Pavel Kraskovsky.
17:05 of 2nd period - Stopped by Samuel Ersson with a rebound.
17:11 of 2nd period - Wrist shot by Pavel Kraskovsky.
17:11 of 2nd period - Stopped by Samuel Ersson with a rebound.
17:13 of 2nd period - Slapshot by Ian McCoshen.
17:13 of 2nd period - Shot Misses the Net.
17:15 of 2nd period - Snap shot by Ian McCoshen.
17:15 of 2nd period - Shot Misses the Net.
17:17 of 2nd period - Snap shot by Pavel Kraskovsky.
17:17 of 2nd period - Shot Blocked by Joshua Jacobs.
17:19 of 2nd period - Slapshot by Sebastian Ahaut.
17:19 of 2nd period - Shot Blocked by Andrew Peeke.
17:48 of 2nd period - Minor Penalty to Joshua Jacobs for Tripping.
17:49 of 2nd period - Morgan Frost wins face-off versus Nolan Patrick in Wolfpack zone.
19:37 of 2nd period - Dylan Samberg is hit by Viktor Lodin and loses puck.
19:48 of 2nd period - Penalty to Joshua Jacobs is over, Joshua Jacobs is back on ice.
Goals for this period are 0 for Wolfpack vs 6 for Griffins.
Shots for this period are 4 for Wolfpack vs 24 for Griffins.

3rd period


0:01 of 3rd period - Nolan Patrick wins face-off versus Morgan Frost in neutral zone.
0:12 of 3rd period - Cale Fleury is hit by Morgan Frost and loses puck.
0:42 of 3rd period - Icing by Pavel Kraskovsky.
0:43 of 3rd period - Jake Marchment wins face-off versus Anton Lundell in Griffins zone.
1:15 of 3rd period - Snap shot by Anton Blidh.
1:15 of 3rd period - Stopped by Samuel Ersson without a rebound.
1:16 of 3rd period - Nolan Patrick wins face-off versus Anton Blidh in Wolfpack zone.
1:31 of 3rd period - Slapshot by Owen Tippet.
1:31 of 3rd period - Stopped by Adam Werner without a rebound.
1:32 of 3rd period - Pavel Kraskovsky wins face-off versus Tim Stutzle in Griffins zone.
1:43 of 3rd period - Snap shot by Grigori Denisenko.
1:43 of 3rd period - Stopped by Samuel Ersson without a rebound.
1:44 of 3rd period - Nolan Patrick wins face-off versus Morgan Frost in Wolfpack zone.
1:55 of 3rd period - Snap shot by Dryden Hunt.
1:55 of 3rd period - Stopped by Adam Werner with a rebound.
2:14 of 3rd period - Tim Stutzle is hit by Pavel Kraskovsky and loses puck.
2:53 of 3rd period - Snap shot by Samuel Poulin.
2:53 of 3rd period - Stopped by Samuel Ersson with a rebound.
2:55 of 3rd period - Slapshot by Viktor Lodin.
2:55 of 3rd period - Shot Hit the Post.
2:57 of 3rd period - Slapshot by Sebastian Ahaut.
2:57 of 3rd period - Shot Blocked by Dylan Samberg.
2:59 of 3rd period - Slapshot by Ian McCoshen.
2:59 of 3rd period - Stopped by Samuel Ersson with a rebound.
3:11 of 3rd period - Wrist shot by Dryden Hunt.
3:11 of 3rd period - Shot Misses the Net.
3:13 of 3rd period - Snap shot by Nolan Patrick.
3:13 of 3rd period - Goal by Nolan Patrick - Wolfpack : 1 - Griffins : 6.
3:14 of 3rd period - Nolan Patrick wins face-off versus Morgan Frost in neutral zone.
3:19 of 3rd period - Snap shot by Nolan Patrick.
3:19 of 3rd period - Stopped by Adam Werner with a rebound.
3:39 of 3rd period - Simon Benoit is hit by Tim Stutzle and loses puck.
4:00 of 3rd period - Slapshot by Sebastian Ahaut.
4:00 of 3rd period - Deflect By Anton Lundell.
4:00 of 3rd period - Stopped by Samuel Ersson without a rebound.
4:01 of 3rd period - Anton Lundell wins face-off versus Alex Barre-Boulet in Wolfpack zone.
4:04 of 3rd period - Snap shot by Alex Laferriere.
4:04 of 3rd period - Shot Misses the Net.
5:11 of 3rd period - Alex Laferriere is hit by Andrew Peeke and loses puck.
6:03 of 3rd period - Snap shot by Alex Laferriere.
6:03 of 3rd period - Deflect By Anton Lundell.
6:03 of 3rd period - Shot Blocked by Joshua Jacobs.
6:03 of 3rd period - Puck is out of play.
6:04 of 3rd period - Morgan Frost wins face-off versus Dryden Hunt in Wolfpack zone.
6:31 of 3rd period - Ian McCoshen is hit by Cale Fleury and loses puck.
6:36 of 3rd period - Wrist shot by Linus Sandin.
6:36 of 3rd period - Stopped by Adam Werner with a rebound.
6:38 of 3rd period - Slapshot by Dante Fabbro.
6:38 of 3rd period - Shot Blocked by Sebastian Ahaut.
6:40 of 3rd period - Backhand shot by Dante Fabbro.
6:40 of 3rd period - Stopped by Adam Werner without a rebound.
6:41 of 3rd period - Morgan Frost wins face-off versus Tim Stutzle in Griffins zone.
6:41 of 3rd period - Morgan Frost is hit by Linus Sandin.
7:09 of 3rd period - Wrist shot by Nolan Patrick.
7:09 of 3rd period - Shot Misses the Net.
7:11 of 3rd period - Slapshot by Dryden Hunt.
7:11 of 3rd period - Shot Blocked by Simon Benoit.
7:25 of 3rd period - Joonas Lyytinen is hit by K'Andre Miller and loses puck.
8:18 of 3rd period - Ian McCoshen is hit by Nolan Patrick and loses puck.
8:29 of 3rd period - Samuel Poulin is hit by Jake Marchment and loses puck.
10:09 of 3rd period - Icing by Brycen Martin.
10:10 of 3rd period - Anton Lundell wins face-off versus Alex Barre-Boulet in Griffins zone.
10:18 of 3rd period - Philip Broberg is hit by Dante Fabbro and loses puck.
10:41 of 3rd period - Slapshot by Nolan Patrick.
10:41 of 3rd period - Shot Misses the Net.
10:56 of 3rd period - Grigori Denisenko is hit by Tim Stutzle and loses puck.
11:01 of 3rd period - Wrist shot by Tim Stutzle.
11:01 of 3rd period - Stopped by Adam Werner with a rebound.
11:41 of 3rd period - Snap shot by Alex Laferriere.
11:41 of 3rd period - Stopped by Samuel Ersson with a rebound.
12:19 of 3rd period - Wrist shot by Pavel Kraskovsky.
12:19 of 3rd period - Shot Misses the Net.
13:29 of 3rd period - Minor Penalty to Tim Stutzle for Slashing.
13:30 of 3rd period - Pavel Kraskovsky wins face-off versus Nolan Patrick in Wolfpack zone.
13:45 of 3rd period - Minor Penalty to Alex Laferriere for Holding.
13:46 of 3rd period - Pavel Kraskovsky wins face-off versus Nolan Patrick in Griffins zone.
13:50 of 3rd period - K'Andre Miller is hit by Yegor Sharangovich and loses puck.
13:55 of 3rd period - Snap shot by Pavel Kraskovsky.
13:55 of 3rd period - Deflect By Yegor Sharangovich.
13:55 of 3rd period - Stopped by Samuel Ersson with a rebound.
14:47 of 3rd period - Andrew Peeke is hit by Grigori Denisenko and loses puck.
15:13 of 3rd period - Andrew Peeke is hit by Anton Blidh and loses puck.
15:29 of 3rd period - Penalty to Tim Stutzle is over, Tim Stutzle is back on ice.
15:45 of 3rd period - Penalty to Alex Laferriere is over, Alex Laferriere is back on ice.
15:47 of 3rd period - Backhand shot by Nolan Patrick.
15:47 of 3rd period - Shot Blocked by Anton Blidh.
15:49 of 3rd period - Backhand shot by Nolan Patrick.
15:49 of 3rd period - Shot Blocked by Simon Benoit.
15:51 of 3rd period - Wrist shot by Tim Stutzle.
15:51 of 3rd period - Stopped by Adam Werner with a rebound.
15:53 of 3rd period - Wrist shot by Nolan Patrick.
15:53 of 3rd period - Stopped by Adam Werner without a rebound.
15:54 of 3rd period - Alex Barre-Boulet wins face-off versus Viktor Lodin in Griffins zone.
16:10 of 3rd period - Snap shot by Alex Barre-Boulet.
16:10 of 3rd period - Stopped by Adam Werner with a rebound.
16:28 of 3rd period - Wrist shot by Tim Stutzle.
16:28 of 3rd period - Shot Blocked by Philip Broberg.
16:30 of 3rd period - Wrist shot by Tim Stutzle.
16:30 of 3rd period - Shot Misses the Net.
16:42 of 3rd period - Wrist shot by Jake Marchment.
16:42 of 3rd period - Shot Misses the Net.
16:44 of 3rd period - Snap shot by Andrei Altybarmakyan.
16:44 of 3rd period - Deflect By Yegor Korshkov.
16:44 of 3rd period - Shot Misses the Net.
16:44 of 3rd period - Puck is out of play.
16:45 of 3rd period - Jake Marchment wins face-off versus Pavel Kraskovsky in Griffins zone.
17:06 of 3rd period - Minor Penalty to Pavel Kraskovsky for Interference.
17:07 of 3rd period - Anton Lundell wins face-off versus Nolan Patrick in Griffins zone.
17:16 of 3rd period - Slapshot by Cale Fleury.
17:16 of 3rd period - Shot Blocked by Anton Blidh.
17:32 of 3rd period - Philip Broberg is hit by Shane Pinto and loses puck.
17:43 of 3rd period - Wrist shot by Alex Barre-Boulet.
17:43 of 3rd period - Stopped by Adam Werner with a rebound.
19:06 of 3rd period - Penalty to Pavel Kraskovsky is over, Pavel Kraskovsky is back on ice.
Goals for this period are 1 for Wolfpack vs 0 for Griffins.
Shots for this period are 11 for Wolfpack vs 7 for Griffins.